 Dungeon Crawl Stone Soup version 0.29-a0-334-gb41bcbb86e (webtiles) character file.

Game seed: 3169452013617642718

22196 spaghetti the Fighter (level 12, -3/97 HPs)
             Began as an Octopode Fire Elementalist on Apr 15, 2022.
             Was an Initiate of Gozag.
             Shot with a bolt by a yaktaur captain (35 damage)
             ... on level 13 of the Dungeon.
             The game lasted 00:53:44 (23402 turns).

spaghetti the Fighter (Octopode Fire Elementalist) Turns: 23402, Time: 00:53:45

Health: -3/97      AC:  1    Str: 15    XL:     12   Next: 97%
Magic:  23/24      EV: 13    Int: 33    God:    Gozag
Gold:   1505       SH:  0    Dex: 12    Spells: 11/27 levels left

rFire   + + .      SeeInvis .   i - staff of fire {!astaff}
rCold   x . .      Faith    .   (no shield)
rNeg    . . .      Spirit   .   (helmet restricted)
rPois   +          Reflect  .   J - amulet of magic regeneration {@e2}
rElec   .          Harm     .   A - +6 ring of intelligence
rCorr   .          Rampage  .   G - +6 ring of intelligence
Will    .....                   N - ring of fire
Stlth   +++.......              U - ring of wizardry
HPRegen 0.26/turn               g - ring of poison resistance
MPRegen 0.59/turn               V - +6 ring of strength
                                W - ring of flight
                                (no ring)

@: flying
A: almost no armour, amphibious, 8 rings, camouflage 1, gelatinous body 1,
(nimble swimmer 1), tentacles, evolution 1
a: Renounce Religion, Potion Petition, Call Merchant, Bribe Branch


You were on level 13 of the Dungeon.
You worshipped Gozag.
Gozag was most pleased with you.
You visited 2 branches of the dungeon, and saw 14 of its levels.

You collected 3286 gold pieces.
You spent 554 gold pieces at shops.
You paid 1227 gold pieces to Gozag.


Innate Abilities, Weirdness & Mutations

You cannot wear most types of armour.
You are amphibious.
You can wear up to eight rings at the same time.
Your skin changes colour to match your surroundings (Stealth+).
Your rubbery body absorbs attacks. (AC +1, EV +1)
((You are camouflaged when in or above water. (Stealth+)))
You have tentacles for arms and can constrict up to eight enemies at once.
You have hidden genetic potential.


   Skills:
 + Level 14.8 Fighting
 - Level 2.0 Dodging
 - Level 2.6 Stealth
 - Level 8.0 Spellcasting
 - Level 7.4 Conjurations
 - Level 0.4 Summonings
 - Level 10.9 Fire Magic


You had 11 spell levels left.
You knew the following spells:

 Your Spells              Type           Power      Damage    Failure   Level
a - Foxfire               Conj/Fire      100%       2x1d9     1%          1
b - Scorch                Fire           100%       2d10      1%          2
c - Inner Flame           Hex/Fire       84%        N/A       1%          3
d - Call Canine Familiar  Summ           15%        N/A       3%          3
e - Conjure Flame         Conj/Fire      100%       6-21      1%          3
f - Flame Wave            Conj/Fire      100%       2d17      1%          4

Your spell library contained the following spells:

 Spells                   Type           Power      Damage    Failure   Level
 Corpse Rot               Necr/Air       26%        N/A       2%          2
 Fulminant Prism          Conj/Hex       18%        3d11      3%          4
 Iskenderun's Mystic Bla  Conj/Tloc      37%        2d9       3%          4
 Portal Projectile        Hex/Tloc       26%        N/A       4%          3
 Cause Fear               Hex            6%         N/A       14%         4
 Dispel Undead            Necr           13%        3d9       14%         4
 Leda's Liquefaction      Hex/Erth       6%         N/A       14%         4
 Lee's Rapid Deconstruct  Erth           6%         3d7*      34%         5
 Death Channel            Necr           6%         N/A       88%         6
 Discord                  Hex            6%         N/A       100%        8

Inventory:

Hand Weapons
 K - a +1 dagger of venom {short}
   (You took it off an orc wizard on level 12 of the Dungeon)
 M - a +0 hand axe of flaming {axe}
   (You took it off an orc on level 12 of the Dungeon)
 S - a +1 great mace {mace}
   (You took it off an orc knight on level 12 of the Dungeon)
Missiles
 c - 372 stones (quivered) {throwing}
 j - 17 poisoned darts {throwing}
 l - 7 boomerangs {throwing}
 n - 2 boomerangs of dispersal {=f!fthrowing}
 v - 3 javelins {throwing}
 L - 3 throwing nets {=f!fthrowing}
 R - 7 curare-tipped darts {=fthrowing}
Armour
 t - a +0 tower shield
   (You found it on level 2 of the Dungeon)
Magical Staves
 i - a staff of fire (weapon) {!astaff}
   (You found it on level 2 of the Dungeon)
 T - a staff of cold {!astaff}
   (You found it on level 13 of the Dungeon)
Jewellery
 g - a ring of poison resistance (on tentacle)
   (You found it on level 11 of the Dungeon)
 A - a +6 ring of intelligence (left tentacle)
   (You found it on level 4 of the Dungeon)
 E - an amulet of the acrobat
   (You found it on level 6 of the Dungeon)
 G - a +6 ring of intelligence (right tentacle)
   (You took it off an orc on level 8 of the Dungeon)
 J - an amulet of magic regeneration (around mantle) {@e2}
   (You bought it in a shop on level 8 of the Dungeon)
 N - a ring of fire (on tentacle)
   (You found it on level 9 of the Dungeon)
 U - a ring of wizardry (on tentacle)
   (You found it on level 10 of the Dungeon)
 V - a +6 ring of strength (on tentacle)
   (You took it off an orc warrior on level 11 of the Dungeon)
 W - a ring of flight (on tentacle)
   (You found it on level 13 of the Dungeon)
 X - a ring of magical power
   (You found it on level 13 of the Dungeon)
Wands
 k - a wand of charming (14)
   (You found it on level 7 of the Dungeon)
 q - a wand of iceblast (15)
   (You took it off a gnoll on level 7 of the Dungeon)
 r - a wand of digging (24)
   (You took it off Jessica on level 2 of the Dungeon)
 u - a wand of flame (38)
   (You found it on level 7 of the Dungeon)
 C - a wand of polymorph (19)
   (You took it off Dowan on level 4 of the Dungeon)
 F - a wand of paralysis (8)
   (You took it off an orc wizard on level 8 of the Dungeon)
 H - a wand of acid (4)
   (You found it on level 12 of the Dungeon)
Scrolls
 e - 2 scrolls of enchant weapon
 f - 2 scrolls of blinking {!r}
 m - 3 scrolls of vulnerability {!r!r}
 o - 9 scrolls of teleportation {@r4}
 p - 6 scrolls of identify {@r1}
 s - a scroll of fear
 w - 3 scrolls of enchant armour
 x - a scroll of immolation {!r!r}
 z - 4 scrolls of fog
 I - a scroll of silence {!r}
Potions
 a - 2 potions of magic
 b - 3 potions of curing {@q1}
 d - a potion of brilliance
 h - a potion of attraction {!q}
 B - a potion of might
 D - a potion of flight
 O - 3 potions of lignification {!q}
 P - 2 potions of invisibility
 Q - 3 potions of ambrosia
 Y - a potion of berserk rage {!q}
Miscellaneous
 y - a box of beasts
   (You found it on level 11 of the Dungeon)
 Z - a condenser vane
   (You found it on level 11 of the Dungeon)

Dungeon Overview and Level Annotations

Branches:
Dungeon (13/15)            Temple (1/1) D:6            Lair (0/6) D:9
    Orc (0/2) D:10
 Vaults: D:13-14

Altars:
Ashenzari
Cheibriados
Dithmenos
Elyvilon
Fedhas
Gozag
Hepliaklqana
Kikubaaqudgha
Makhleb
Nemelex Xobeh
Okawaru
Qazlal
Ru
Sif Muna
Uskayaw
Vehumet
Wu Jian
Xom
Yredelemnul
Zin
The Shining One
Beogh

Shops:
D:1 *   D:5 *   D:8 *   D:9 *   D:11 ?

Annotations:
D:5 1 runed translucent door, YayAnonymity's ghost, novice FoFi
D:10 3 runed translucent doors, AlmostDecent's ghost, novice TeHu

...............####
#...............#
#...............# ##
#..............# ##?.
#..............# .....
#..............# ......
#.............#
#......###.............#
$#ยง..@.#..#........#
#.....#.#..####.....#
#...##.#...#..## #######
.## ##.#..c...###
##..T......##
....C......###
.............#
.............#
..c####........#


You could see a yaktaur captain, a cyclops and a deep troll earth mage.


Message History

You take 5 damage, and now have 63/97 hp.
You lost 2 mp, and now have 5/24 mp.
Casting: Scorch (safe; 1% risk of failure)
Confirm with . or Enter, or press ? or * to list all spells.
You feel a strong surge of power!
Flames lash the boulder beetle but do no damage.
Your hound bites the boulder beetle but does no damage.
The boulder beetle is engulfed in blazing flames.
Flame seeps out of the boulder beetle.
The boulder beetle bites you!
Your hound bites the boulder beetle but does no damage. ๐Ÿ˜ฎ HP[-11] MP[-1]
You take 11 damage, and now have 52/97 hp.
You lost 1 mp, and now have 4/24 mp.
Casting: Scorch (safe; 1% risk of failure)
Confirm with . or Enter, or press ? or * to list all spells.
You feel a strong surge of power!
Flames lash the boulder beetle.
The boulder beetle is burned terribly!
Flame seeps out of the boulder beetle.
The boulder beetle's inner flame fades away.
Your hound bites the boulder beetle but does no damage.
The boulder beetle is engulfed in blazing flames.
The boulder beetle bites your hound. ๐Ÿ˜ฎ MP[-2]
You lost 2 mp, and now have 2/24 mp.
Your hound bites the boulder beetle but does no damage.
The boulder beetle bites your hound!
Your hound bites the boulder beetle but does no damage. ๐Ÿ˜ฎ HP[+1] MP[+1]
Your hound bites the boulder beetle.
The boulder beetle leaps! ๐Ÿ˜ฎ MP[+1]
Casting: Scorch (safe; 1% risk of failure)
Confirm with . or Enter, or press ? or * to list all spells.
You feel a strong surge of power!
Flames lash the boulder beetle.
The boulder beetle is burned terribly!
You kill the boulder beetle! ๐Ÿ˜ฎ MP[-2]
You lost 2 mp, and now have 2/24 mp.
Unknown command.
You start resting.
Your hound disappears in a puff of smoke! ๐Ÿ˜ฎ HP[+10] MP[+22]
You regained 10 hp, and now have 63/97 hp.
Your mp is fully restored (24).
You start resting. ๐Ÿ˜Ž HP[+34]
Your hp is fully restored (97).
You now have 1481 gold pieces (gained 23).
u - a wand of flame (38) (gained 12 charges)
You now have 1497 gold pieces (gained 16).
You now have 1505 gold pieces (gained 8).
Key pressed, stopping explore.
Key pressed, stopping explore.
A deep troll earth mage comes into view.
A deep troll earth mage is nearby!
A deep troll earth mage is nearby!
A deep troll earth mage is nearby!
A deep troll earth mage is nearby!
A deep troll earth mage is nearby!
A deep troll earth mage is nearby!
A deep troll earth mage is nearby!
A yaktaur captain comes into view.
The deep troll earth mage casts a spell at the translucent rock wall.
Some rock shatters into small pieces.
A deep troll earth mage comes into view.
The deep troll earth mage casts a spell at the translucent rock wall.
Some rock shatters into small pieces.
The deep troll earth mage shouts!
The deep troll earth mage points next to you and mumbles some strange words.
The wall shatters!
The blast of rock fragments hits you!!
You hear a shout! ๐Ÿ˜ฎ HP[-28]
You take 28 damage, and now have 69/97 hp.
MASSIVE DAMAGE!! (PAUSE)
You hear a grinding noise. ๐Ÿ˜ฎ HP[+1]
You hear a grinding noise.
You hear a grinding noise. ๐Ÿ˜ฎ HP[+1]
You hear a grinding noise.
Casting: Scorch (safe; 1% risk of failure)
Confirm with . or Enter, or press ? or * to list all spells.
You hear a grinding noise. ๐Ÿ˜ฎ MP[-3]
You lost 3 mp, and now have 21/24 mp.
A cyclops comes into view.
The deep troll earth mage casts a spell next to you.
The wall shatters!
The blast of rock fragments hits your hound!!!
Your hound dies!
Your hound's corpse disappears in a puff of smoke!
The blast of rock fragments hits you!!!
* * * LOW HITPOINT WARNING * * *
๐Ÿ˜จ HP[-39] MP[+1]
You take 39 damage, and now have 32/97 hp.
MASSIVE DAMAGE!! (PAUSE)
Okay, then.
You hear a grinding noise. x2
The yaktaur captain wields a +0 arbalest.
The yaktaur captain shoots a bolt.
The bolt hits you!!
You die...
Your body crumbles into a pile of gold.

Skill      XL: |  1  2  3  4  5  6  7  8  9 10 11 12 |
---------------+-------------------------------------+-----
Spellcasting   | 3 4 5 6 7 8 |  8.0
Conjurations   | 2 3 5 6 7 |  7.4
Fire Magic     | 4 5 6 8 9 10 | 10.9
Fighting       | 5 11 14 | 14.8
Dodging        | |  2.0
Stealth        | |  2.6
Summonings     | |  0.4

Action                   |  1- 3 |  4- 6 |  7- 9 | 10-12 || total
-------------------------+-------+-------+-------+-------++-------
Melee: Unarmed           |    10 |       |       |       ||    10
       Constrict         |     8 |     1 |     5 |     4 ||    18
       Tentacles         |     5 |       |     3 |     2 ||    10
       Whip              |    25 |       |       |       ||    25
       Staff             |       |     1 |    11 |    11 ||    23
Throw: Stone             |       |       |       |     9 ||     9
 Cast: Foxfire           |    38 |    88 |   153 |   432 ||   711
       Scorch            |    13 |    16 |    34 |    99 ||   162
       Inner Flame       |     6 |     6 |    37 |   174 ||   223
       Conjure Flame     |       |     1 |     4 |       ||     5
       Call Canine Famil |       |     1 |     7 |    76 ||    84
       Flame Wave        |       |       |     1 |     4 ||     5
Invok: Potion Petition   |       |       |       |     1 ||     1
       Call Merchant     |       |       |       |     1 ||     1
Evoke: Wand              |       |       |       |     1 ||     1
  Use: Scroll            |       |       |    11 |     7 ||    18
       Potion            |       |       |     9 |     1 ||    10
 Stab: Sleeping          |     1 |       |       |       ||     1
Armor: Skin              |     5 |       |     1 |     4 ||    10
Dodge: Dodged            |    34 |     5 |    34 |    94 ||   167

Levels and vault maps discovered:
D:1:      amcnicky_arrival_choice, layout_basic, serial_shops,
          nicolae_shop_crystal, nrook_uturn
D:2:      layout_loops_ring, uniq_sigmund, uniq_jessica, uniq_terence
D:3:      layout_loops_cross, good_gods_temple_1,
          mainiacjoe_overflow_tiny_flanked,
          dreamdust_ecumenical_altar_drowned_temple, st_stairs_12
D:4:      layout_loops_ring, kennysheep_little_box, uniq_duvessa
D:5:      layout_gridville, ebering_ghost_sewer_d, serial_shops, shop,
          chequers_garden
D:6:      layout_loops_ring, minmay_temple_entry_sparse_star,
          minmay_quadrilaterals, uniq_pikel
D:7:      layout_basic, kennysheep_cross_bottleneck
D:8:      layout_loops_ring, mainiacjoe_overflow_cross_hatched, minitemple,
          serial_shops, nicolae_shop_overgrown_old_shop
D:9:      layout_roguey [special_room_bee], nicolae_vehumet_altar_sigil,
          mainiacjoe_overflow_concentric_impassable,
          lemuel_coloured_pillars_altar, erik_lair_dragon,
          nicolae_transmutations_shop
D:10:     layout_loops_ring, tgw_trog, hiddenorc2_lemuel,
          gammafunk_ghost_hydra_chop, evilmike_butchery, uniq_harold,
          uniq_fannar
D:11:     layout_loops_ring, special_room [special_room_orc]
D:12:     nicolae_cairo_tiling_large, layout_gridville, special_room
          [special_room_orc], grunt_ministairs_3
D:13:     layout_cave_pods, minmay_radiant
Temple:   nicolae_temple_figure_zero

Notes
Turn   | Place    | Note
-------+----------+-------------------------------------------
     0 | D:1      | spaghetti the Octopode Fire Elementalist began the quest
                  | for the Orb.
     0 | D:1      | Reached XP level 1. HP: 11/11 MP: 3/3
     0 | D:1      | magus.rc [v1.9.6]
    76 | D:1      | Reached XP level 2. HP: 14/17 MP: 0/5
   114 | D:1      | HP: 4/17 [goblin/+0 club (1)]
   375 | D:1      | Learned a level 2 spell: Scorch
   441 | D:1      | Reached skill level 3 in Spellcasting
   648 | D:1      | Reached XP level 3. HP: 21/21 MP: 4/7
   652 | D:1      | Learned a level 3 spell: Inner Flame
  1028 | D:1      | Found Vunos's General Store.
  1076 | D:1      | HP: 5/21 [gnoll/+0 spear (8)]
  1636 | D:1      | You pick up a book of the Hunter and begin reading...
  1636 | D:1      | You add the spells Call Canine Familiar, Portal Projectile
                  | and Leda's Liquefaction to your library.
  1641 | D:1      | Learned a level 3 spell: Call Canine Familiar
  1786 | D:2      | Noticed Terence
  2040 | D:2      | You pick up a book of Blasting and begin reading...
  2040 | D:2      | You add the spells Fulminant Prism, Iskenderun's Mystic
                  | Blast and Lee's Rapid Deconstruction to your library.
  2317 | D:2      | Reached XP level 4. HP: 27/27 MP: 4/9
  2870 | D:2      | Noticed Sigmund
  2877 | D:2      | Killed Sigmund
  2878 | D:2      | Reached skill level 4 in Spellcasting
  2878 | D:2      | Reached skill level 2 in Conjurations
  2878 | D:2      | Reached skill level 4 in Fire Magic
  2878 | D:2      | Reached XP level 5. HP: 31/31 MP: 3/11
  2878 | D:2      | Reached XP level 6. HP: 36/36 MP: 3/12
  2883 | D:2      | Noticed Jessica
  2899 | D:2      | Killed Jessica
  2992 | D:2      | Learned a level 3 spell: Conjure Flame
  3559 | D:3      | Found a burning altar of Makhleb.
  3572 | D:3      | Killed Terence
  3869 | D:3      | Found a faded altar of an unknown god.
  3955 | D:3      | You pick up a book of Decay and begin reading...
  3955 | D:3      | You add the spells Corpse Rot, Dispel Undead and Death
                  | Channel to your library.
  4196 | D:3      | Found a glowing silver altar of Zin.
  4196 | D:3      | Found a glowing golden altar of the Shining One.
  4197 | D:3      | Found a white marble altar of Elyvilon.
  4423 | D:4      | Noticed Dowan
  4605 | D:4      | Killed Dowan
  4606 | D:4      | Reached skill level 5 in Fire Magic
  4609 | D:4      | Noticed Duvessa
  4725 | D:4      | HP: 9/36 [ogre/+0 giant club (27)]
  4727 | D:4      | Reached skill level 3 in Conjurations
  4727 | D:4      | Reached XP level 7. HP: 10/41 MP: 8/14
  5071 | D:4      | Found a blossoming altar of Fedhas.
  5552 | D:4      | Killed Duvessa
  5553 | D:4      | Reached skill level 5 in Spellcasting
  5752 | D:5      | Entered Level 5 of the Dungeon
  5813 | D:5      | Reached skill level 6 in Fire Magic
  5878 | D:5      | Found a runed translucent door.
  6002 | D:5      | Found Puwn's General Store.
  6008 | D:5      | Bought a scroll of enchant weapon for 97 gold pieces
  6287 | D:5      | Reached XP level 8. HP: 46/46 MP: 8/15
  6394 | D:5      | Reached skill level 4 in Conjurations
  6909 | D:5      | Noticed YayAnonymity's ghost (novice FoFi)
  7003 | D:6      | HP: 7/46 [something/magic dart (8)]
  7009 | D:6      | HP: 1/46 [something/puff of flame (6)]
  7014 | D:6      | Reached skill level 7 in Fire Magic
  7183 | D:6      | Learned a level 4 spell: Flame Wave
  7567 | D:6      | Found a staircase to the Ecumenical Temple.
  7576 | Temple   | Entered the Ecumenical Temple
  7719 | Temple   | Became a worshipper of Gozag Ym Sagoz the Greedy
  7849 | D:6      | Reached skill level 6 in Spellcasting
  7859 | D:6      | Reached skill level 5 in Conjurations
  7915 | D:6      | Reached skill level 8 in Fire Magic
  8244 | D:6      | Reached XP level 9. HP: 51/51 MP: 12/18
  8461 | D:6      | Noticed Pikel
  8774 | D:6      | Killed Pikel
  9004 | D:7      | Reached skill level 9 in Fire Magic
  9008 | D:7      | Reached skill level 6 in Conjurations
  9010 | D:7      | HP: 12/51 [poisoned by a killer bee]
  9557 | D:7      | You pick up a book of Hexes and begin reading...
  9557 | D:7      | You add the spells Cause Fear and Discord to your library.
 10060 | D:7      | Reached skill level 7 in Spellcasting
 10516 | D:8      | HP: 11/51 [orc/+3 mace (7)]
 10519 | D:7      | HP: 2/51 [something/magic dart (7)]
 11084 | D:8      | Reached XP level 10. HP: 43/56 MP: 6/20
 11089 | D:8      | Reached skill level 10 in Fire Magic
 11382 | D:8      | Found a basalt altar of Yredelemnul.
 11949 | D:8      | Identified the +1 leather armour of Words of Power {rPois}
 12137 | D:8      | Found Nituerr's Assorted Antiques.
 12149 | D:8      | Bought a blackened ruby amulet for 105 gold pieces
 12187 | D:8      | HP: 3/56 [cloud of flame (13)]
 12520 | D:8      | Reached skill level 7 in Conjurations
 12578 | D:8      | Found a sparkling altar of Nemelex Xobeh.
 12585 | D:8      | Found a shadowy altar of Dithmenos.
 12586 | D:8      | Found a hazy altar of Hepliaklqana.
 12830 | D:8      | HP: 11/56 [cloud of flame (15)]
 13343 | D:9      | Found a sacrificial altar of Ru.
 13903 | D:9      | Found a radiant altar of Vehumet.
 14029 | D:9      | Noticed a two-headed ogre
 14414 | D:9      | Reached skill level 1 in Fighting
 14422 | D:9      | Reached skill level 2 in Fighting
 14422 | D:9      | Reached skill level 8 in Spellcasting
 14480 | D:9      | Reached skill level 3 in Fighting
 14618 | D:9      | Reached skill level 4 in Fighting
 14823 | D:9      | Reached skill level 5 in Fighting
 15153 | D:9      | Reached XP level 11. HP: 66/72 MP: 19/23
 15303 | D:9      | Found an ancient bone altar of Kikubaaqudgha.
 15390 | D:9      | Found Lam Teis's Changing Room.
 15404 | D:9      | Bought a potion of mutation for 112 gold pieces
 15518 | D:9      | Reached skill level 6 in Fighting
 15709 | D:9      | Found a staircase to the Lair.
 15825 | D:9      | Killed a two-headed ogre
 15826 | D:9      | Reached skill level 7 in Fighting
 15980 | D:10     | Entered Level 10 of the Dungeon
 16008 | D:10     | Noticed Fannar
 16025 | D:10     | HP: 15/75 [Fannar/refrigeration (30)]
 16027 | D:10     | Killed Fannar
 16028 | D:10     | Reached skill level 8 in Fighting
 16561 | D:10     | Found a staircase to the Orcish Mines.
 16918 | D:10     | Reached skill level 9 in Fighting
 17021 | D:10     | Found a runed translucent gate.
 17036 | D:10     | Found a runed translucent gate.
 17037 | D:10     | Found a runed translucent gate.
 17038 | D:10     | Noticed a nine-headed hydra
 17039 | D:10     | Noticed a ten-headed hydra
 17039 | D:10     | Noticed AlmostDecent's ghost (novice TeHu)
 17773 | D:11     | Reached skill level 10 in Fighting
 17919 | D:11     | Noticed a cyclops
 17933 | D:11     | Killed a cyclops
 18245 | D:11     | Noticed a brown ugly thing
 18253 | D:11     | Killed a brown ugly thing
 18254 | D:11     | Reached skill level 11 in Fighting
 18299 | D:11     | Noticed a two-headed ogre
 18327 | D:11     | Killed a two-headed ogre
 18328 | D:11     | Reached XP level 12. HP: 90/90 MP: 17/24
 19680 | D:11     | Bought a scroll of fog for 32 gold pieces
 19680 | D:11     | Bought a scroll of fear for 56 gold pieces
 19680 | D:11     | Bought a scroll of blinking for 120 gold pieces
 19680 | D:11     | Bought a scroll of identify for 32 gold pieces
 19782 | D:12     | Reached skill level 12 in Fighting
 20106 | D:12     | HP: 20/92 [something (7)]
 20393 | D:11     | Gained mutation: You have hidden genetic potential. [potion
                  | of mutation]
 20825 | D:12     | Reached skill level 13 in Fighting
 22169 | D:12     | Reached skill level 14 in Fighting
 22794 | D:13     | Noticed a centaur warrior
 22801 | D:13     | Killed a centaur warrior
 23132 | D:13     | Noticed a boulder beetle
 23164 | D:13     | Killed a boulder beetle
 23384 | D:13     | Noticed a deep troll earth mage
 23385 | D:13     | Noticed a yaktaur captain
 23387 | D:13     | Noticed a deep troll earth mage
 23402 | D:13     | Shot with a bolt by a yaktaur captain

Vanquished Creatures
  Fannar (D:10)
  A boulder beetle (D:13)
  A centaur warrior (D:13)
  2 two-headed ogres
  Pikel (D:6)
  An orc knight (D:12)
  A deep elf pyromancer (D:12)
  2 ugly things
  4 cyclopes
  2 unseen horrors (D:12)
  2 komodo dragons
  A queen bee (D:9)
  2 trolls
  5 slime creatures (D:12)
  Sigmund (D:2)
  4 wyverns
  17 yaks
  4 steam dragons
  3 vampire mosquitoes (D:13)
  Duvessa (D:4)
  14 orc warriors
  A sky beast (D:7)
  2 ice beasts (D:8)
  2 black bears
  4 ogres
  6 centaurs (D:12)
  A phantom (D:7)
  2 lemures (D:6)
  2 kobold brigands (D:9)
  4 bullfrogs
  2 scorpions
  2 necrophages (D:6)
  3 gnoll sergeants
  16 wights
  Dowan (D:4)
  43 killer bees
  4 howler monkeys
  An electric eel (D:7)
  5 hounds
  2 jellies
  A gnoll shaman (D:7)
  10 orc priests
  Terence (D:3)
  Jessica (D:2)
  5 iguanas (D:6)
  19 orc wizards
  4 adders
  17 gnolls
  A shadow imp (D:6)
  A white imp (D:5)
  2 ufetubi (D:5)
  3 worms
  4 dart slugs
  107 orcs
  2 bats
  5 endoplasms
  3 giant cockroaches (D:2)
  12 goblins
  12 hobgoblins
  5 jackals
  2 quokkas (D:1)
  8 ball pythons
  4 frilled lizards
  21 kobolds
  5 rats
  A spectral kobold (D:3)
429 creatures vanquished.

Vanquished Creatures (collateral kills)
  A komodo dragon (D:12)
  A troll (D:10)
  A slime creature (D:12)
  A killer bee (D:9)
  An orc wizard (D:12)
  An adder (D:5)
  A dart slug (D:5)
  2 orcs (D:10)
  A kobold (D:9)
  3 foxfires (D:3)
13 creatures vanquished.

Vanquished Creatures (others)
  A killer bee (D:10)
  1104 foxfires
  A fungus (D:3)
  7 plants
1113 creatures vanquished.

Grand Total: 1555 creatures vanquished

Table legend:
 A = Non-vault XP
 B = Vault XP
 C = Vault XP percentage of total XP
 D = Non-vault monster count
 E = Vault monster count
 F = Vault count percentage of total count
                 A         B        C        D         E       F
            +---------+---------+-------+---------+---------+-------
      Total |   23014 |    8695 |  27.4 |     306 |     131 |  30.0
            +---------+---------+-------+---------+---------+-------
        D:1 |      70 |       0 |   0.0 |      33 |       0 |   0.0
        D:2 |      62 |     276 |  81.7 |      20 |       2 |   9.1
        D:3 |      58 |      45 |  43.7 |      19 |       4 |  17.4
        D:4 |     263 |     207 |  44.0 |      18 |       2 |  10.0
        D:5 |     371 |       0 |   0.0 |      16 |       0 |   0.0
        D:6 |    1104 |     907 |  45.1 |      21 |       6 |  22.2
        D:7 |    1077 |       0 |   0.0 |      29 |       0 |   0.0
        D:8 |    1742 |       0 |   0.0 |      25 |       0 |   0.0
        D:9 |    2297 |    2655 |  53.6 |      40 |      30 |  42.9
       D:10 |    2426 |    1149 |  32.1 |      32 |      36 |  52.9
       D:11 |    4512 |    1078 |  19.3 |      19 |      24 |  55.8
       D:12 |    5551 |    2378 |  30.0 |      26 |      27 |  50.9
       D:13 |    3481 |       0 |   0.0 |       8 |       0 |   0.0
            +---------+---------+-------+---------+---------+-------

Illustrated notes

Table legend:
 A = Kills in this place as a percentage of kills in entire the game.
 B = Kills by you in this place as a percentage of kills by you in the entire game.
 C = Kills by friends in this place as a percentage of kills by friends in the entire game.
 D = Other kills in this place as a percentage of other kills in the entire game.
 E = Experience gained in this place as a percentage of experience gained in the entire game.
 F = Experience gained in this place divided by the number of levels of this place that you have seen.
                   A       B       C       D       E      F
               +-------+-------+-------+-------+-------+----------------------
         Total | 100.0 | 100.0 | 100.0 |   N/A | 100.0 | 2264.9
       Dungeon | 100.0 | 100.0 | 100.0 |   N/A | 100.0 | 2439.2
               +-------+-------+-------+-------+-------+----------------------

Table legend: (Time is in decaauts)
 A = Elapsed time spent in this place.
 B = Non-inter-level travel time spent in this place.
 C = Inter-level travel time spent in this place.
 D = Time resting spent in this place.
 E = Time spent auto-exploring this place.
 F = Levels seen in this place.
 G = Mean time per level.
                   A        B        C        D        E       F      G
               +--------+--------+--------+--------+--------+-----+--------+
         Total |  23391 |  22725 |    666 |   6686 |  12935 |  14 | 1670.8 |
       Dungeon |  23237 |  22581 |    656 |   6686 |  12817 |  13 | 1787.5 |
        Temple |    153 |    143 |     10 |      0 |    118 |   1 |  153.0 |
               +--------+--------+--------+--------+--------+-----+--------+

Top non-repeatable levels by time:
    D:12: 2627 daAuts
     D:9: 2583 daAuts
    D:11: 2477 daAuts
     D:8: 2453 daAuts
     D:6: 2145 daAuts
     D:7: 1987 daAuts
     D:1: 1779 daAuts
     D:3: 1678 daAuts
     D:2: 1335 daAuts
    D:10: 1286 daAuts
     D:5: 1161 daAuts
     D:4: 965 daAuts
    D:13: 756 daAuts
  Temple: 153 daAuts
